 Dungeon Crawl Stone Soup version 0.31-a0-150-g89dc3ad700 (webtiles) character file.

Game seed: 15883816953839923079

94667 qw the Crack Shot (level 15, -4/112 HPs)
             Began as a Minotaur Hunter on June 8, 2023.
             Was a High Priest of Okawaru.
             Slain by a reaper
             ... wielding a +1 scythe of protection
              (27 damage)
             ... on level 1 of the Abyss.
             The game lasted 00:07:31 (18728 turns).

qw the Crack Shot (Minotaur Hunter)                Turns: 18728, Time: 00:07:31

Health: -4/112     AC: 26    Str: 23    XL:     15   Next: 64%
Magic:  16/17      EV: 30    Int: -3    God:    Okawaru [*****.]
Gold:   1165       SH:  0    Dex: 30    Spells: 14/14 levels left

rFire   + . .        w - +0 triple crossbow of Equilibrium {penet, +Blink rF+ rC+}
rCold   + + +        (shield currently unavailable)
rNeg    . . .        s - +8 ring mail of Discretion {Rampage rPois rC++ Int-5}
rPois   +            i - +2 hat {SInv}
rElec   .            p - +0 cloak
rCorr   +            c - +1 pair of gloves
SInv    +            t - +2 pair of boots {Stlth+}
Will    +....        r - amulet "Imoanesk" {Faith rCorr}
Stlth   ++++         o - +6 ring of dexterity
HPRegen 0.00/turn    b - ring "Huogux" {Str+6 Dex+4}
MPRegen 0.15/turn

%: random rage (9%), rampage, faith
@: heroic, inhibited regen, slowed, lost intelligence, unable to read, very slow
A: horns 2, retaliatory headbutt, [berserk 2], [dopey 2], [frail 2], [low MP 2],
[inhibited regeneration], [inability to read after injury 2]
a: Renounce Religion, Evoke Blink, Heroism, Finesse, Duel


You were on level 1 of the Abyss.
You worshipped Okawaru.
Okawaru was extremely pleased with you.
You visited 4 branches of the dungeon, and saw 23 of its levels.
You visited the Abyss 1 time.

You collected 2067 gold pieces.
You spent 902 gold pieces at shops.


Innate Abilities, Weirdness & Mutations

You have a pair of horns on your head.
You reflexively headbutt those who attack you in melee.
[You have an uncontrollable temper.]
[You are very dopey. (Int -4)]
[You are very frail. (-20% HP)]
[Your magical capacity is very low. (-20% MP)]
[You do not regenerate when monsters are visible.]
[You sometimes lose the ability to read scrolls when taking damage.]


   Skills:
 - Level 15.0(20.0) Fighting
 + Level 21.0(26.0) Ranged Weapons
 - Level 9.0(14.0) Armour
 - Level 13.0(18.0) Dodging
 - Level 0.7(5.7) Stealth
 - Level 10.0 Invocations


You had 14 spell levels left.
You didn't know any spells.
Your spell library was empty.

Inventory:

Hand Weapons
 g - the +4 triple crossbow of Lomol {penet, Int+3}
   (Okawaru gifted it to you on level 5 of the Lair of Beasts)

   Int:       It affects your intelligence (+3).
 h - a +2 longbow of flaming
 w - the +0 triple crossbow of Equilibrium (weapon) {penet, +Blink rF+ rC+}
   (Okawaru gifted it to you on level 15 of the Dungeon)

   rF:        It protects you from fire.
   rC:        It protects you from cold.
   +Blink:    It lets you blink.
Armour
 c - a +1 pair of gloves (worn)
 i - a +2 hat of see invisible (worn)
 p - a +0 cloak (worn)
 s - the +8 ring mail of Discretion (worn) {Rampage rPois rC++ Int-5}
   (You found it on level 10 of the Dungeon)

   Int:       It affects your intelligence (-5).
   rC:        It greatly protects you from cold.
   rPois:     It protects you from poison.
   Rampage:   It bestows one free step when moving towards enemies.
 t - a +2 pair of boots of stealth (worn)
Jewellery
 a - the amulet of Qyxkeur {Spirit rCorr Int-5 Dex+5}
   (You acquired it on level 1 of the Dungeon)

   [amulet of guardian spirit]

   It causes incoming damage to be divided between your reserves of health and
   magic.
   Int:       It affects your intelligence (-5).
   Dex:       It affects your dexterity (+5).
   rCorr:     It protects you from acid and corrosion.
 b - the ring "Huogux" (right hand) {Str+6 Dex+4}
   (You found it on level 3 of the Dungeon)

   [ring of strength]

   Str:       It affects your strength (+6).
   Dex:       It affects your dexterity (+4).
 l - a ring of fire
 o - a +6 ring of dexterity (left hand)
 r - the amulet "Imoanesk" (around neck) {Faith rCorr}
   (You found it on level 5 of the Lair of Beasts)

   [amulet of faith]

   It allows you to gain divine favour quickly.
   rCorr:     It protects you from acid and corrosion.
 y - the ring "Salleac" {rF+ Str+2}
   (You bought it in a shop on level 2 of the Orcish Mines)

   [ring of protection from fire]

   Str:       It affects your strength (+2).
   rF:        It protects you from fire.
 z - a +6 ring of dexterity
Wands
 n - a wand of digging (41)
Scrolls
 e - 10 scrolls of identify
 j - a scroll of teleportation
 x - a scroll of enchant weapon
Potions
 d - 14 potions of curing
 f - 3 potions of might
 k - 3 potions of cancellation
 m - 3 potions of haste
 q - 2 potions of magic
 u - 2 potions of mutation

Dungeon Overview and Level Annotations

Branches:
Dungeon (15/15)            Temple (1/1) D:7            Lair (5/5) D:11
  Swamp (0/4) Lair:3       Spider (0/4) Lair:2        Slime (0/5) Lair:4
    Orc (2/2) D:12         Vaults (0/5) D:13         Depths (0/4) D:15
    Elf: Orc:2

Altars:
Ashenzari
Cheibriados
Dithmenos
Elyvilon
Fedhas
Gozag
Hepliaklqana
Kikubaaqudgha
Makhleb
Nemelex Xobeh
Okawaru
Qazlal
Ru
Sif Muna
Trog
Uskayaw
Vehumet
Wu Jian
Xom
Yredelemnul
Zin
The Shining One

Shops:
D:1 (   D:2 =   Orc:2 ==

Annotations:
D:7 2 transporters, qw's ghost, novice GrFi
D:10 3 runed translucent doors, qw's ghost, novice GrHu
Orc:2 Erolcha


Message History

The reaper hits you from afar with a +1 scythe of protection!!
The wretched star pulses with an eldritch light!
You feel a little pissed off.
You feel extremely angry at everything!
You can move again.
18723 ||| DRINKING 3 potions of heal wounds.
You feel much better. The reaper hits you but does no damage.
The wretched star pulses with an eldritch light!
You feel frail. x2
The reaper hits you from afar with a +1 scythe of protection!!
18724 ||| DRINKING 2 potions of heal wounds.
You feel much better.
The reaper hits you from afar with a +1 scythe of protection!
The wretched star glows turbulently.
The lance of force misses you.
18725 ||| DRINKING potion of heal wounds.
You feel much better. The reaper closely misses you.
The wretched star glows turbulently.
The lance of force hits you but does no damage.
The reaper hits you from afar with a +1 scythe of protection!
18726 ||| SWAPPING to +0 triple crossbow of Equilibrium {penet, +Blink rF+ rC+}.
Your hands briefly pass through it before you manage to get a firm grip on it.
w - the +0 triple crossbow of Equilibrium (weapon)
{penet, +Blink rF+ rC+} The wretched star pulses with an eldritch light!
You occasionally lose the ability to read scrolls when taking damage.
You lose the ability to read scrolls when taking damage more often.
You shoot a bolt.
The bolt closely misses the wretched star.
The reaper closely misses you.
The wretched star glows turbulently.
The lance of force misses you. The reaper closely misses you.
You shoot a bolt.
The bolt pierces through the wretched star!
The wretched star is severely damaged.
The wretched star glows turbulently.
The lance of force misses you.
The reaper hits you from afar with a +1 scythe of protection!!
You feel threatened and lose the ability to read scrolls!
You die...

## # . # . . #
# #....
....#...#..##
#...
.............
# . . ..#
......... #
#..## ....X...
#..###.....#..
#. # ##.2.## #
.# #*....# #
.# #@## #..
#.#.# #
#..###.## # .#
# # #. #..## #
..# . #....
....#.# ....#
. ###.. .###
#._ ###...# .#


You could see a reaper, a wretched star and a large abomination.

Vanquished Creatures
  A tentacled starspawn (Abyss:1)
  Kirke (D:12)
  Nessos (D:12)
  Snorg (D:10)
  A quicksilver dragon zombie (D:15)
  Josephine (D:9)
  Fannar (D:10)
  8 vault guards (D:13)
  An ogre mage (D:15)
  11 hydras
  3 catoblepae
  4 boulder beetles
  2 centaur warriors
  A merfolk avatar (Lair:5)
  Erica (Lair:1)
  10 two-headed ogres
  2 death yaks
  2 thrashing horrors (Abyss:1)
  Nergalle (Orc:2)
  2 skeletal warriors (D:15)
  7 skysharks (Lair:5)
  A storm dragon skeleton (D:15)
  Lodul (D:10)
  A necromancer (D:15)
  3 wizards
  4 deep elf pyromancers
  A harpy (Lair:5)
  A phantasmal warrior (D:15)
  4 oklob plants (Lair:4)
  3 ugly things (D:14)
  A stone giant zombie (D:15)
  A fire giant zombie (D:15)
  A worldbinder (Abyss:1)
  3 manticores
  9 orc sorcerers
  5 cyclopes
  2 large abominations (Abyss:1)
  11 elephants
  3 black mambas
  13 cane toads
  A gargoyle (D:12)
  A torpor snail (Lair:3)
  6 rime drakes
  2 freezing wraiths
  2 komodo dragons (Lair:1)
  A yaktaur (shapeshifter) (D:15)
  3 meliai (D:14)
  3 trolls
  A polar bear (Lair:5)
  A tyrant leech (Lair:3)
  3 hornets (Lair:5)
  17 blink frogs
  4 dream sheep (Lair:4)
  Prince Ribbit (Lair:2)
  A snapping turtle (Lair:5)
  4 culicivoras (Lair:2)
  A centaur simulacrum (D:14)
  9 slime creatures
  5 wraiths
  A vampire (D:10)
  2 shadows
  6 wyverns
  2 water elementals (D:14)
  6 basilisks
  42 yaks
  4 humans (D:12)
  5 steam dragons
  2 hogs (D:12)
  4 vampire mosquitoes (D:11)
  2 swamp worms (Lair:3)
  2 acid dragons
  11 water moccasins
  4 sky beasts
  2 black bears
  11 orc warriors
  4 boggarts (D:14)
  10 centaurs
  14 ogres
  A small abomination (Abyss:1)
  6 wolves
  A phantom (D:7)
  9 bullfrogs
  4 kobold brigands
  6 gnoll sergeants
  4 scorpions
  8 wights
  3 killer bees (D:8)
  5 electric eels
  A howler monkey (D:10)
  A crimson imp (D:6)
  10 hounds
  7 orc priests
  6 iguanas
  19 orc wizards
  5 adders
  15 gnolls
  3 white imps
  An ufetubus (D:4)
  A worm (D:2)
  3 dart slugs
  58 orcs
  7 endoplasms
  2 giant cockroaches
  5 goblins
  6 hobgoblins
  3 jackals (D:5)
  9 kobolds
  2 quokkas
  11 ball pythons
  5 bats
  7 frilled lizards
  4 rats
568 creatures vanquished.

Vanquished Creatures (others)
  A centaur warrior (D:13)
  2 starspawn tentacles (Abyss:1)
3 creatures vanquished.

Grand Total: 571 creatures vanquished

Notes
Turn   | Place    | Note
-------+----------+-------------------------------------------
     0 | D:1      | qw the Minotaur Hunter began the quest for the Orb.
     0 | D:1      | Reached XP level 1. HP: 18/18 MP: 0/0
     0 | D:1      | 0 ||| qw: Version: 0.2-a-119-g7aa9181
     0 | D:1      | 0 ||| qw: Game counter: 2935
     0 | D:1      | 0 ||| qw: Always use a shield: true
     0 | D:1      | 0 ||| qw: God list: Okawaru
     0 | D:1      | 0 ||| qw: Allow faded altars: false
     0 | D:1      | 0 ||| qw: Do Orc after D:15 true
     0 | D:1      | 0 ||| qw: Do second Lair branch before Depths: true
     0 | D:1      | 0 ||| qw: Lair rune preference: random
     0 | D:1      | 0 ||| qw: Plans: Normal
     0 | D:1      | 0 ||| PLANNING D:1-11
   281 | D:1      | Reached XP level 2. HP: 10/25 MP: 1/1
   283 | D:1      | Reached skill level 5 in Ranged Weapons
   403 | D:1      | Reached skill level 3 in Fighting
   488 | D:1      | Found Eviwk's Weapon Shop.
   628 | D:1      | Found a faded altar of an unknown god.
   804 | D:1      | 804 ||| UPGRADING to +0 ring mail.
   814 | D:1      | 814 ||| DROPPING +0 leather armour.
   815 | D:1      | 815 ||| DROPPING +6 ring of intelligence.
   816 | D:1      | 816 ||| READING scroll labelled VAUQIH VENWI.
   817 | D:1      | 817 ||| READING 2 scrolls labelled TONNIMIATA.
   817 | D:1      | Identified 2 scrolls of acquirement
   817 | D:1      | 817 ||| ACQUIRING +5 longbow of draining
   817 | D:1      | Acquired a +5 longbow of draining
   818 | D:1      | 818 ||| READING scroll of acquirement.
   818 | D:1      | 818 ||| ACQUIRING amulet of Qyxkeur {Spirit rCorr Int-5
                  | Dex+5}
   818 | D:1      | Acquired the amulet of Qyxkeur {Spirit rCorr Int-5 Dex+5}
   820 | D:1      | 820 ||| SWAPPING to +5 longbow of draining.
   821 | D:1      | 821 ||| DROPPING +0 shortbow.
   822 | D:1      | 822 ||| UPGRADING to amulet of Qyxkeur {Spirit rCorr Int-5
                  | Dex+5}.
   827 | D:1      | 827 ||| READING scroll labelled ZUAC HOABOST.
   828 | D:1      | 828 ||| READING scroll labelled WUUPYNUNLE.
   829 | D:1      | 829 ||| DRINKING 2 sedimented inky potions.
   830 | D:1      | 830 ||| DROPPING scroll of butterflies.
   851 | D:2      | Reached XP level 3. HP: 31/31 MP: 2/2
   953 | D:2      | Reached skill level 1 in Armour
  1077 | D:2      | Found Queceboc's Jewellery Emporium.
  1081 | D:2      | 1081 ||| SHOPLISTING +4 ring of protection (360 gold, have
                  | 41).
  1081 | D:2      | 1081 ||| SHOPLISTING +6 ring of dexterity (360 gold, have
                  | 41).
  1081 | D:2      | 1081 ||| SHOPLISTING amulet of faith (400 gold, have 41).
  1081 | D:2      | 1081 ||| SHOPLISTING ring of see invisible (150 gold, have
                  | 41).
  1436 | D:2      | 1436 ||| READING scroll labelled NINTAS NIWK.
  2098 | D:3      | Identified the ring "Huogux" {Str+6 Dex+4}
  2163 | D:3      | 2163 ||| READING scroll of enchant weapon.
  2163 | D:3      | 2163 ||| ENCHANTING +6 longbow of draining.
  2267 | D:3      | Reached XP level 4. HP: 38/38 MP: 3/3
  2374 | D:3      | 2374 ||| UPGRADING to ring "Huogux" {Str+6 Dex+4}.
  2375 | D:3      | 2375 ||| READING scroll labelled ROLYOD ZATT.
  2376 | D:3      | 2376 ||| READING scroll labelled YHEQOGI PIACRI.
  2377 | D:3      | 2377 ||| READING scroll labelled YSOYHAREUBA.
  2380 | D:3      | 2380 ||| DRINKING 2 fuming blue potions.
  2381 | D:3      | 2381 ||| DRINKING 2 fizzy orange potions.
  2514 | D:4      | Noticed a scorpion
  2517 | D:4      | Killed a scorpion
  2518 | D:4      | Reached skill level 6 in Ranged Weapons
  2518 | D:4      | Reached XP level 5. HP: 45/45 MP: 4/4
  2530 | D:4      | Reached skill level 3 in Dodging
  2727 | D:4      | Noticed a black bear
  2729 | D:4      | Killed a black bear
  2730 | D:4      | Reached XP level 6. HP: 51/55 MP: 5/5
  3039 | D:4      | Reached skill level 7 in Ranged Weapons
  3139 | D:4      | 3139 ||| READING scroll labelled VIOCOG ATEZUKK.
  3140 | D:4      | 3140 ||| DRINKING 2 green potions.
  3141 | D:4      | 3141 ||| DROPPING potion of attraction.
  3146 | D:5      | Entered Level 5 of the Dungeon
  3424 | D:5      | Found a bloodstained altar of Trog.
  3424 | D:5      | Found a glowing golden altar of the Shining One.
  3589 | D:5      | Found a blossoming altar of Fedhas.
  3750 | D:5      | Reached XP level 7. HP: 60/60 MP: 6/6
  3752 | D:5      | Reached skill level 8 in Ranged Weapons
  3930 | D:5      | 3930 ||| UPGRADING to amulet of reflection.
  3940 | D:5      | 3940 ||| READING 3 scrolls of identify.
  3940 | D:5      | 3940 ||| IDENTIFYING ruby potion
  3941 | D:5      | 3941 ||| READING 2 scrolls of identify.
  3941 | D:5      | 3941 ||| IDENTIFYING red potion
  3942 | D:5      | 3942 ||| DROPPING potion of ambrosia.
  3943 | D:5      | 3943 ||| DROPPING potion of invisibility.
  4151 | D:6      | Reached skill level 9 in Ranged Weapons
  4182 | D:6      | 4182 ||| Stepping ~*~*~tactically~*~*~ (outnumbered).
  4185 | D:6      | 4185 ||| Stepping ~*~*~tactically~*~*~ (outnumbered).
  4187 | D:6      | 4187 ||| Stepping ~*~*~tactically~*~*~ (outnumbered).
  4192 | D:6      | Reached skill level 6 in Fighting
  4336 | D:6      | Reached XP level 8. HP: 70/70 MP: 7/7
  4791 | D:6      | 4791 ||| UPGRADING to +0 pair of gloves.
  4796 | D:6      | 4796 ||| DROPPING amulet of guardian spirit.
  4797 | D:6      | 4797 ||| READING 2 scrolls of identify.
  4797 | D:6      | 4797 ||| IDENTIFYING smoky ruby potion
  4798 | D:6      | 4798 ||| DROPPING potion of brilliance.
  4944 | D:7      | Reached skill level 10 in Ranged Weapons
  5030 | D:7      | Identified the ring of Gemiw {+Blink MP+9 Stlth+}
  5030 | D:7      | Noticed qw's ghost (novice GrFi)
  5046 | D:7      | Found a transporter.
  5049 | D:7      | Found a transporter.
  5126 | D:7      | 5126 ||| Stepping ~*~*~tactically~*~*~ (cloud).
  5127 | D:7      | 5127 ||| Stepping ~*~*~tactically~*~*~ (cloud).
  5286 | D:7      | Found a staircase to the Ecumenical Temple.
  5287 | D:7      | 5287 ||| PLANNING TEMPLE
  5287 | D:7      | 5287 ||| UPGRADING to +0 steam dragon scales.
  5297 | D:7      | 5297 ||| DROPPING +0 ring mail.
  5298 | D:7      | 5298 ||| DROPPING ring of Gemiw {+Blink MP+9 Stlth+}.
  5307 | Temple   | Entered the Ecumenical Temple
  5368 | Temple   | 5368 ||| PLANNING OKAWARU WORSHIP
  5432 | Temple   | Became a worshipper of Warmaster Okawaru
  5432 | Temple   | 5432 ||| PLANNING D:1-11
  6192 | D:8      | Found a burning altar of Makhleb.
  6210 | D:8      | Reached * piety under Okawaru
  6211 | D:8      | Reached XP level 9. HP: 79/79 MP: 8/8
  6214 | D:8      | Reached skill level 1 in Invocations
  6216 | D:8      | Reached skill level 11 in Ranged Weapons
  6409 | D:8      | Reached skill level 3 in Invocations
  6411 | D:8      | Reached skill level 6 in Dodging
  7258 | D:8      | 7258 ||| DROPPING +0 robe of cold resistance.
  7259 | D:8      | 7259 ||| UPGRADING to +5 ring of evasion.
  7260 | D:8      | 7260 ||| UPGRADING to +6 ring of dexterity.
  7262 | D:8      | 7262 ||| UPGRADING to ring "Huogux" {Str+6 Dex+4}.
  7264 | D:8      | 7264 ||| DROPPING +5 ring of evasion.
  7265 | D:8      | 7265 ||| DRINKING 2 inky potions.
  7266 | D:8      | 7266 ||| READING 2 scrolls of identify.
  7266 | D:8      | 7266 ||| IDENTIFYING grey potion
  7267 | D:8      | 7267 ||| DROPPING potion of lignification.
  7526 | D:9      | Reached ** piety under Okawaru
  7535 | D:9      | Reached skill level 12 in Ranged Weapons
  7625 | D:9      | 7625 ||| INVOKING Heroism.
  7785 | D:9      | Reached XP level 10. HP: 88/88 MP: 12/12
  7892 | D:9      | 7892 ||| READING 2 scrolls labelled OMEKHI QEJI.
  7893 | D:9      | 7893 ||| READING 2 scrolls of identify.
  7893 | D:9      | 7893 ||| IDENTIFYING bubbling white potion
  7894 | D:9      | 7894 ||| DROPPING scroll of fear.
  7910 | D:10     | Entered Level 10 of the Dungeon
  7910 | D:10     | Noticed Josephine
  7917 | D:10     | Reached skill level 3 in Armour
  7922 | D:10     | 7922 ||| STAIRDANCE
  7925 | D:9      | 7925 ||| INVOKING Heroism.
  7928 | D:9      | Killed Josephine
  8032 | D:10     | 8032 ||| STAIRDANCE
  8130 | D:10     | Reached *** piety under Okawaru
  8138 | D:10     | Reached skill level 13 in Ranged Weapons
  8207 | D:10     | Noticed Snorg
  8208 | D:10     | 8208 ||| INVOKING Heroism.
  8215 | D:10     | Killed Snorg
  8215 | D:10     | Reached **** piety under Okawaru
  8216 | D:10     | Reached skill level 9 in Fighting
  8248 | D:10     | Noticed Fannar
  8260 | D:10     | Killed Fannar
  8310 | D:10     | Noticed a two-headed ogre
  8311 | D:10     | 8311 ||| INVOKING Heroism.
  8314 | D:10     | Killed a two-headed ogre
  8315 | D:10     | Reached skill level 9 in Dodging
  8315 | D:10     | Reached XP level 11. HP: 87/99 MP: 10/13
  8375 | D:10     | Found a runed translucent gate.
  8375 | D:10     | Found a runed translucent gate.
  8377 | D:10     | Found a runed translucent gate.
  8380 | D:10     | Noticed qw's ghost (novice GrHu)
  8397 | D:10     | Noticed Lodul
  8398 | D:10     | 8398 ||| INVOKING Heroism.
  8406 | D:10     | Killed Lodul
  8459 | D:10     | Reached skill level 6 in Invocations
  8747 | D:10     | Identified the +8 ring mail of Discretion {Rampage rPois
                  | rC++ Int-5}
  8900 | D:10     | 8900 ||| UPGRADING to +2 robe of cold resistance.
  8910 | D:10     | 8910 ||| DROPPING +0 steam dragon scales.
  8911 | D:10     | 8911 ||| UPGRADING to +8 ring mail of Discretion {Rampage
                  | rPois rC++ Int-5}.
  8921 | D:10     | 8921 ||| DROPPING +2 robe of cold resistance.
  8922 | D:10     | 8922 ||| UPGRADING to amulet of faith.
  8932 | D:10     | 8932 ||| DROPPING amulet of reflection.
  9028 | D:11     | Noticed a deep elf pyromancer
  9038 | D:11     | Killed a deep elf pyromancer
  9073 | D:11     | 9073 ||| INVOKING Heroism.
  9125 | D:11     | Found a staircase to the Lair.
  9130 | D:11     | 9130 ||| INVOKING Heroism.
  9171 | D:11     | 9171 ||| INVOKING Heroism.
  9176 | D:11     | 9176 ||| Stepping ~*~*~tactically~*~*~ (outnumbered).
  9422 | D:11     | Reached skill level 14 in Ranged Weapons
  9422 | D:11     | Reached ***** piety under Okawaru
  9505 | D:11     | 9505 ||| INVOKING Heroism.
  9582 | D:11     | Noticed a boulder beetle
  9583 | D:11     | 9583 ||| INVOKING Heroism.
  9584 | D:11     | 9584 ||| INVOKING Finesse.
  9594 | D:11     | Killed a boulder beetle
  9703 | D:11     | 9703 ||| FLEEEEING.
  9704 | D:11     | 9704 ||| INVOKING Heroism.
  9797 | D:11     | 9797 ||| PLANNING LAIR
  9797 | D:11     | 9797 ||| UPGRADING to +2 hat of see invisible.
  9802 | D:11     | 9802 ||| READING 2 scrolls of identify.
  9802 | D:11     | 9802 ||| IDENTIFYING purple potion
  9816 | Lair:1   | Entered Level 1 of the Lair of Beasts
  9837 | Lair:1   | 9837 ||| INVOKING Heroism.
  9869 | Lair:1   | 9869 ||| INVOKING Heroism.
  9892 | Lair:1   | Noticed Erica
  9908 | Lair:1   | 9908 ||| DRINKING 7 potions of curing.
  9908 | Lair:1   | 9908 ||| (to cure confusion)
  9909 | Lair:1   | 9909 ||| INVOKING Heroism.
  9911 | Lair:1   | Received a gift from Okawaru
  9914 | Lair:1   | Killed Erica
  9919 | Lair:1   | Reached XP level 12. HP: 87/106 MP: 15/17
  9946 | Lair:1   | Reached skill level 9 in Invocations
  9953 | Lair:1   | 9953 ||| FLEEEEING.
 10059 | Lair:1   | 10059 ||| INVOKING Heroism.
 10063 | Lair:1   | 10063 ||| Stepping ~*~*~tactically~*~*~ (outnumbered).
 10115 | Lair:1   | Received a gift from Okawaru
 10116 | Lair:1   | Reached skill level 15 in Ranged Weapons
 10154 | Lair:1   | 10154 ||| INVOKING Heroism.
 10359 | Lair:1   | 10359 ||| READING scroll of enchant weapon.
 10359 | Lair:1   | 10359 ||| ENCHANTING +7 longbow of draining.
 10676 | Lair:1   | 10676 ||| UPGRADING to +2 pair of boots of stealth.
 10681 | Lair:1   | 10681 ||| READING scroll labelled PEXZUQ EGIF.
 10682 | Lair:1   | 10682 ||| READING scroll labelled KESTRE CIVVYNU.
 10704 | Lair:2   | 10704 ||| INVOKING Heroism.
 10709 | Lair:2   | Noticed Prince Ribbit
 10714 | Lair:2   | Killed Prince Ribbit
 10777 | Lair:2   | Found a radiant altar of Vehumet.
 10949 | Lair:2   | 10949 ||| INVOKING Heroism.
 10990 | Lair:2   | 10990 ||| Stepping ~*~*~tactically~*~*~ (outnumbered).
 11003 | Lair:2   | 11003 ||| INVOKING Heroism.
 11009 | Lair:2   | Reached skill level 16 in Ranged Weapons
 11112 | Lair:2   | Found a hole to the Spider Nest.
 11441 | Lair:2   | 11441 ||| READING scroll labelled KAHUZE CUCEAGH.
 11580 | Lair:2   | 11580 ||| READING 2 scrolls of identify.
 11580 | Lair:2   | 11580 ||| IDENTIFYING fizzy dark potion
 11581 | Lair:2   | 11581 ||| DROPPING potion of degeneration.
 11619 | Lair:3   | Noticed a four-headed hydra
 11620 | Lair:3   | 11620 ||| INVOKING Heroism.
 11621 | Lair:3   | 11621 ||| INVOKING Finesse.
 11626 | Lair:3   | Killed a four-headed hydra
 11636 | Lair:3   | Noticed a five-headed hydra
 11641 | Lair:3   | Killed a five-headed hydra
 11684 | Lair:3   | 11684 ||| INVOKING Heroism.
 11896 | Lair:3   | Identified the +1 robe of Fortification {rElec SInv}
 11966 | Lair:3   | Reached XP level 13. HP: 116/116 MP: 19/19
 12010 | Lair:3   | 12010 ||| DRINKING potion of cancellation.
 12022 | Lair:3   | Found a hazy altar of Hepliaklqana.
 12037 | Lair:3   | Received a gift from Okawaru
 12106 | Lair:3   | 12106 ||| READING scroll of enchant weapon.
 12106 | Lair:3   | 12106 ||| ENCHANTING +8 longbow of draining.
 12121 | Lair:3   | 12121 ||| INVOKING Heroism.
 12122 | Lair:3   | 12122 ||| INVOKING Finesse.
 12191 | Lair:3   | 12191 ||| INVOKING Heroism.
 12192 | Lair:3   | 12192 ||| INVOKING Finesse.
 12243 | Lair:3   | Found a staircase to the Swamp.
 12301 | Lair:3   | 12301 ||| INVOKING Heroism.
 12303 | Lair:3   | 12303 ||| Stepping ~*~*~tactically~*~*~ (cloud).
 12308 | Lair:3   | Reached skill level 17 in Ranged Weapons
 12491 | Lair:3   | 12491 ||| UPGRADING to +0 cloak.
 12529 | Lair:4   | 12529 ||| STAIRDANCE
 12533 | Lair:4   | 12533 ||| STAIRDANCE
 12535 | Lair:3   | 12535 ||| INVOKING Heroism.
 12536 | Lair:3   | 12536 ||| INVOKING Finesse.
 12539 | Lair:3   | Reached skill level 6 in Armour
 12628 | Lair:4   | 12628 ||| STAIRDANCE
 12632 | Lair:4   | 12632 ||| STAIRDANCE
 12636 | Lair:4   | 12636 ||| STAIRDANCE
 12638 | Lair:3   | 12638 ||| INVOKING Heroism.
 12680 | Lair:4   | 12680 ||| INVOKING Finesse.
 12687 | Lair:4   | 12687 ||| FLEEEEING.
 12695 | Lair:4   | 12695 ||| STAIRDANCE
 12762 | Lair:4   | Found a staircase to the Slime Pits.
 12763 | Lair:4   | 12763 ||| INVOKING Heroism.
 12781 | Lair:4   | Received a gift from Okawaru
 12917 | Lair:4   | You fall into a shaft and drop 1 floor!
 12917 | Lair:5   | Entered Level 5 of the Lair of Beasts
 12931 | Lair:5   | 12931 ||| INVOKING Heroism.
 12971 | Lair:5   | Reached skill level 18 in Ranged Weapons
 13011 | Lair:5   | 13011 ||| INVOKING Heroism.
 13012 | Lair:5   | 13012 ||| Stepping ~*~*~tactically~*~*~ (water).
 13015 | Lair:5   | 13015 ||| Stepping ~*~*~tactically~*~*~ (outnumbered).
 13037 | Lair:5   | Reached skill level 12 in Fighting
 13183 | Lair:5   | Identified the +4 triple crossbow of Lomol {penet, Int+3}
                  | (Okawaru gifted it to you on level 5 of the Lair of Beasts)
 13183 | Lair:5   | Received a gift from Okawaru
 13185 | Lair:5   | 13185 ||| SWAPPING to +4 triple crossbow of Lomol {penet,
                  | Int+3}.
 13186 | Lair:5   | 13186 ||| DROPPING +9 longbow of draining.
 13206 | Lair:5   | 13206 ||| INVOKING Heroism.
 13207 | Lair:5   | 13207 ||| INVOKING Finesse.
 13339 | Lair:5   | 13339 ||| INVOKING Heroism.
 13340 | Lair:5   | 13340 ||| INVOKING Finesse.
 13416 | Lair:5   | 13416 ||| INVOKING Heroism.
 13417 | Lair:5   | 13417 ||| INVOKING Finesse.
 13491 | Lair:5   | Reached XP level 14. HP: 126/126 MP: 20/20
 13562 | Lair:5   | 13562 ||| Stepping ~*~*~tactically~*~*~ (water).
 13564 | Lair:5   | 13564 ||| Stepping ~*~*~tactically~*~*~ (water).
 13570 | Lair:5   | 13570 ||| Stepping ~*~*~tactically~*~*~ (water).
 13580 | Lair:5   | 13580 ||| INVOKING Heroism.
 13581 | Lair:5   | 13581 ||| Stepping ~*~*~tactically~*~*~ (water).
 13582 | Lair:5   | 13582 ||| Stepping ~*~*~tactically~*~*~ (water).
 13583 | Lair:5   | 13583 ||| INVOKING Finesse.
 13630 | Lair:5   | Identified the amulet "Imoanesk" {Faith rCorr}
 13821 | Lair:5   | 13821 ||| UPGRADING to amulet "Imoanesk" {Faith rCorr}.
 13831 | Lair:5   | 13831 ||| DROPPING amulet of faith.
 13832 | Lair:5   | 13832 ||| DROPPING ring of see invisible.
 13833 | Lair:5   | 13833 ||| READING 3 scrolls of identify.
 13833 | Lair:5   | 13833 ||| IDENTIFYING bubbling clear potion
 13840 | Lair:5   | Reached skill level 19 in Ranged Weapons
 14137 | Lair:4   | 14137 ||| DROPPING ring of poison resistance.
 14379 | Lair:5   | 14379 ||| PLANNING D
 14379 | Lair:5   | 14379 ||| DROPPING ring of positive energy.
 14512 | D:12     | You fall into a shaft and drop 2 floors!
 14512 | D:14     | Found a shimmering blue altar of Sif Muna.
 14521 | D:14     | Received a gift from Okawaru
 14524 | D:14     | 14524 ||| INVOKING Heroism.
 14555 | D:13     | 14555 ||| Stepping ~*~*~tactically~*~*~ (outnumbered).
 14677 | D:13     | Found a gate to the Vaults.
 14727 | D:13     | Reached skill level 12 in Dodging
 14829 | D:12     | Noticed Nessos
 14833 | D:12     | 14833 ||| INVOKING Heroism.
 14841 | D:12     | Killed Nessos
 15043 | D:12     | 15043 ||| Stepping ~*~*~tactically~*~*~ (outnumbered).
 15046 | D:12     | 15046 ||| Stepping ~*~*~tactically~*~*~ (outnumbered).
 15049 | D:12     | 15049 ||| INVOKING Heroism.
 15051 | D:12     | Noticed Kirke
 15076 | D:12     | HP: 25/129 [hog[Kirke] (8)]
 15077 | D:12     | 15077 ||| READING 3 scrolls of teleportation.
 15077 | D:12     | HP: 6/129 [Kirke (10)]
 15078 | D:12     | 15078 ||| DRINKING 2 potions of heal wounds.
 15079 | D:12     | 15079 ||| DRINKING potion of heal wounds.
 15102 | D:12     | 15102 ||| READING 2 scrolls of teleportation.
 15151 | D:12     | 15151 ||| FLEEEEING.
 15152 | D:12     | 15152 ||| STAIRDANCE
 15366 | D:12     | 15366 ||| INVOKING Heroism.
 15370 | D:12     | Killed Kirke
 15466 | D:12     | 15466 ||| INVOKING Heroism.
 15527 | D:12     | 15527 ||| READING scroll of enchant armour.
 15527 | D:12     | 15527 ||| ENCHANTING +0 pair of gloves.
 15585 | D:12     | Found a staircase to the Orcish Mines.
 15586 | D:12     | 15586 ||| Stepping ~*~*~tactically~*~*~ (outnumbered).
 15591 | D:12     | 15591 ||| Stepping ~*~*~tactically~*~*~ (outnumbered).
 15601 | D:12     | 15601 ||| Stepping ~*~*~tactically~*~*~ (outnumbered).
 15611 | D:12     | Reached skill level 20 in Ranged Weapons
 15825 | D:13     | 15825 ||| Stepping ~*~*~tactically~*~*~ (outnumbered).
 15826 | D:13     | 15826 ||| Stepping ~*~*~tactically~*~*~ (outnumbered).
 15827 | D:13     | 15827 ||| Stepping ~*~*~tactically~*~*~ (outnumbered).
 15828 | D:13     | 15828 ||| Stepping ~*~*~tactically~*~*~ (outnumbered).
 15829 | D:13     | 15829 ||| Stepping ~*~*~tactically~*~*~ (outnumbered).
 15838 | D:13     | 15838 ||| INVOKING Heroism.
 15983 | D:13     | 15983 ||| INVOKING Heroism.
 15984 | D:13     | 15984 ||| INVOKING Finesse.
 15988 | D:13     | 15988 ||| Stepping ~*~*~tactically~*~*~ (cloud).
 16044 | D:13     | Found a white marble altar of Elyvilon.
 16461 | D:14     | 16461 ||| INVOKING Heroism.
 16496 | D:14     | 16496 ||| SWAPPING to +2 longbow of flaming.
 16500 | D:14     | 16500 ||| SWAPPING to +4 triple crossbow of Lomol {penet,
                  | Int+3}.
 16528 | D:14     | 16528 ||| INVOKING Heroism.
 16529 | D:14     | 16529 ||| INVOKING Finesse.
 16662 | D:14     | Reached XP level 15. HP: 132/138 MP: 21/21
 16663 | D:14     | 16663 ||| INVOKING Heroism.
 17038 | D:14     | 17038 ||| INVOKING Heroism.
 17119 | D:14     | 17119 ||| DROPPING +6 ring of strength.
 17120 | D:14     | 17120 ||| READING scroll labelled GOPHYDDAUCK.
 17129 | D:15     | Entered Level 15 of the Dungeon
 17437 | D:15     | 17437 ||| INVOKING Heroism.
 17455 | D:15     | Found a staircase to the Depths.
 17475 | D:15     | Identified the +0 triple crossbow of Equilibrium {penet,
                  | +Blink rF+ rC+} (Okawaru gifted it to you on level 15 of
                  | the Dungeon)
 17475 | D:15     | Received a gift from Okawaru
 17660 | D:15     | 17660 ||| INVOKING Heroism.
 17661 | D:15     | 17661 ||| INVOKING Finesse.
 17771 | D:15     | 17771 ||| INVOKING Heroism.
 17854 | D:15     | 17854 ||| PLANNING ORC
 17854 | D:15     | 17854 ||| READING scroll labelled POAQIPPUCRE.
 18045 | Orc:1    | Entered Level 1 of the Orcish Mines
 18048 | Orc:1    | Reached skill level 21 in Ranged Weapons
 18052 | Orc:1    | 18052 ||| INVOKING Heroism.
 18186 | Orc:2    | Entered Level 2 of the Orcish Mines
 18209 | Orc:2    | 18209 ||| Stepping ~*~*~tactically~*~*~ (outnumbered).
 18211 | Orc:2    | 18211 ||| Stepping ~*~*~tactically~*~*~ (outnumbered).
 18213 | Orc:2    | 18213 ||| Stepping ~*~*~tactically~*~*~ (outnumbered).
 18215 | Orc:2    | 18215 ||| Stepping ~*~*~tactically~*~*~ (outnumbered).
 18217 | Orc:2    | 18217 ||| Stepping ~*~*~tactically~*~*~ (outnumbered).
 18249 | Orc:2    | Found Nito's Jewellery Shop.
 18258 | Orc:2    | 18258 ||| BUYING ring "Salleac" {rF+ Str+2} (398 gold).
 18258 | Orc:2    | Bought the ring "Salleac" {rF+ Str+2} for 398 gold pieces
 18274 | Orc:2    | 18274 ||| INVOKING Heroism.
 18402 | Orc:2    | 18402 ||| INVOKING Heroism.
 18422 | Orc:2    | Reached skill level 9 in Armour
 18493 | Orc:2    | 18493 ||| INVOKING Heroism.
 18518 | Orc:2    | Found an ancient bone altar of Kikubaaqudgha.
 18520 | Orc:2    | Noticed Nergalle
 18521 | Orc:2    | 18521 ||| INVOKING Heroism.
 18529 | Orc:2    | Killed Nergalle
 18540 | Orc:2    | Found Qotiqio's Jewellery Boutique.
 18544 | Orc:2    | 18544 ||| Stepping ~*~*~tactically~*~*~ (outnumbered).
 18545 | Orc:2    | 18545 ||| Stepping ~*~*~tactically~*~*~ (outnumbered).
 18554 | Orc:2    | Noticed Erolcha
 18555 | Orc:2    | 18555 ||| BUYING +6 ring of dexterity (504 gold).
 18555 | Orc:2    | Bought a +6 ring of dexterity for 504 gold pieces
 18561 | Abyss:1  | Cast into level 1 of the Abyss (Erolcha)
 18656 | Abyss:1  | Found a corrupted altar of Lugonu.
 18657 | Abyss:1  | Noticed a tentacled starspawn
 18660 | Abyss:1  | Killed a tentacled starspawn
 18661 | Abyss:1  | Reached skill level 15 in Fighting
 18702 | Abyss:1  | Found a corrupted altar of Lugonu.
 18711 | Abyss:1  | 18711 ||| Stepping ~*~*~tactically~*~*~ (outnumbered).
 18713 | Abyss:1  | 18713 ||| Stepping ~*~*~tactically~*~*~ (outnumbered).
 18719 | Abyss:1  | 18719 ||| INVOKING Heroism.
 18719 | Abyss:1  | Lost intelligence.
 18722 | Abyss:1  | HP: 20/141 [reaper/+1 scythe of protection (20)]
 18723 | Abyss:1  | 18723 ||| DRINKING 3 potions of heal wounds.
 18724 | Abyss:1  | 18724 ||| DRINKING 2 potions of heal wounds.
 18725 | Abyss:1  | 18725 ||| DRINKING potion of heal wounds.
 18726 | Abyss:1  | 18726 ||| SWAPPING to +0 triple crossbow of Equilibrium
                  | {penet, +Blink rF+ rC+}.
 18728 | Abyss:1  | Slain by a reaper

Levels and vault maps discovered:
D:1:      lemuel_arrival_muddy, layout_loops_ring,
          shapermc_ecumenical_altar_mp_urbaneastern, serial_shops,
          nicolae_shop_statue_plus
D:2:      layout_loops_ring, serial_shops, shop
D:3:      layout_basic
D:4:      layout_basic
D:5:      layout_basic, mainiacjoe_overflow_tiny_flanked,
          mainiacjoe_overflow_large_starburst, minivault_26,
          kennysheep_generic_room_4
D:6:      layout_basic, st_stairs_11, ebering_dispersal_statue_hall,
          kennysheep_path_1, minmay_fire_ice_demons
D:7:      layout_basic, lemuel_temple_firewalk_a, gammafunk_ghost_arena
D:8:      layout_layer_cave, mainiacjoe_overflow_alcove_1
D:9:      layout_loops_ring
D:10:     layout_roguey, serial_curves, eino_curves_03, eino_curves_04,
          gammafunk_ghost_spectres, minivault_26, uniq_snorg, uniq_lodul,
          uniq_josephine, uniq_fannar
D:11:     layout_roguey [special_room_orc], erik_lair_island, serial_glass,
          glass_columns_a, glass_columns_a
D:12:     layout_cave_pools, kennysheep_orc_monster_closet_entryway, uniq_kirke,
          uniq_nessos
D:13:     layout_long_grid, erik_vaults_2, elyvilon_altar_4
D:14:     layout_cave_pools, chequers_big_river, corexii_leaking_fountain,
          led_sif_pool
D:15:     gammafunk_depths_entry_grave, layout_long_grid
Temple:   compressed_dpeg_circular_temple
Lair:1:   layout_chaotic_city, infiniplex_staircase_pool, grunt_megastairs_1,
          uniq_erica
Lair:2:   layout_long_grid, hellmonk_spider_entry_life_and_decay, basic_altar,
          dreamdust_mushroom_princess, st_stairs_12, uniq_prince_ribbit2
Lair:3:   layout_loops_ring, palyth_hydra_swamp_entry, basic_altar,
          dreamdust_gnoll_shepherd
Lair:4:   layout_big_grid, minmay_slime_entry_oklob_open
Lair:5:   gammafunk_lair_ancient_temple, layout_regular_city,
          infiniplex_staircase_pool_2
Orc:1:    layout_diamond_mine, basic_altar, gammafunk_ghost_cemetery
Orc:2:    kennysheep_orc_mage_school, layout_diamond_mine, serial_shops,
          nicolae_shop_statue_plus, rock_pile
Abyss:1:  base:
D:13

Skill      XL: |  1  2  3  4  5  6  7  8  9 10 11 12 13 14 15 |
---------------+----------------------------------------------+-----
Ranged Weapons | 5 6 7 9 10 12 13 14 16 18 20 21 | 21.0
Fighting       | 3 4 6 7 9 10 11 12 14 15 | 15.0
Armour         | 1 2 3 4 5 7 8 9 |  9.0
Dodging        | 3 5 7 9 10 11 12 13 | 13.0
Invocations    | 4 5 8 10 | 10.0
Stealth        | |  0.7

Action                     |  1- 3 |  4- 6 |  7- 9 | 10-12 | 13-15 || total
---------------------------+-------+-------+-------+-------+-------++-------
  Melee: Unarmed           |       |       |       |       |    26 ||    26
   Fire: Shortbow          |    67 |       |       |       |       ||    67
         Longbow           |    49 |    43 |   163 |   421 |   163 ||   839
         Triple crossbow   |       |       |       |       |   484 ||   484
 Invoke: Heroism           |       |       |     1 |    20 |    32 ||    53
         Finesse           |       |       |       |     2 |    11 ||    13
    Use: Scroll            |     7 |     4 |     4 |     8 |     7 ||    30
         Potion            |     1 |     3 |     1 |     1 |     6 ||    12
 Armour: Leather armour    |     8 |       |       |       |       ||     8
         Ring mail         |     5 |     4 |     5 |    34 |   121 ||   169
         Steam dragon scal |       |       |     5 |     1 |       ||     6
  Dodge: Dodged            |    23 |     3 |    39 |   157 |   514 ||   736
  Block: Other             |       |       |     7 |     8 |       ||    15
         Reflection        |       |       |     1 |       |       ||     1

Table legend:
 A = Non-vault XP
 B = Vault XP
 C = Vault XP percentage of total XP
 D = Non-vault monster count
 E = Vault monster count
 F = Vault count percentage of total count
                 A         B        C        D         E       F
            +---------+---------+-------+---------+---------+-------
      Total |   85366 |   49873 |  36.9 |     386 |     179 |  31.7
            +---------+---------+-------+---------+---------+-------
        D:1 |      40 |       0 |   0.0 |      26 |       0 |   0.0
        D:2 |      30 |       0 |   0.0 |      14 |       0 |   0.0
        D:3 |      38 |       0 |   0.0 |      14 |       0 |   0.0
        D:4 |     452 |       0 |   0.0 |      14 |       0 |   0.0
        D:5 |     317 |       0 |   0.0 |      13 |       0 |   0.0
        D:6 |     545 |     290 |  34.7 |      17 |       7 |  29.2
        D:7 |     844 |       0 |   0.0 |      10 |       0 |   0.0
        D:8 |    1446 |       0 |   0.0 |      11 |       0 |   0.0
        D:9 |    1778 |    1102 |  38.3 |      23 |       2 |   8.0
       D:10 |    2557 |    3937 |  60.6 |      10 |      12 |  54.5
       D:11 |    3556 |    1735 |  32.8 |      18 |      34 |  65.4
       D:12 |    7676 |    4065 |  34.6 |      22 |      24 |  52.2
       D:13 |    4571 |    6945 |  60.3 |      14 |       9 |  39.1
       D:14 |    8768 |       0 |   0.0 |      22 |       0 |   0.0
       D:15 |   12666 |    5576 |  30.6 |      18 |       8 |  30.8
     Lair:1 |    4804 |    4471 |  48.2 |      19 |      11 |  36.7
     Lair:2 |    2464 |    2003 |  44.8 |      11 |       9 |  45.0
     Lair:3 |    8151 |    3027 |  27.1 |      30 |       9 |  23.1
     Lair:4 |    4694 |    2267 |  32.6 |      19 |       4 |  17.4
     Lair:5 |   13247 |    8827 |  40.0 |      28 |      21 |  42.9
      Orc:1 |     901 |       0 |   0.0 |       9 |       0 |   0.0
      Orc:2 |     964 |    5628 |  85.4 |      15 |      29 |  65.9
    Abyss:1 |    4857 |       0 |   0.0 |       9 |       0 |   0.0
            +---------+---------+-------+---------+---------+-------
